Map: Galactic Process LE

Players

IIIIIIIIIIII (State) - Winner!

  • Race: Protoss Protoss
  • League: Grandmaster

星际卡卡西

  • Race: Zerg Zerg
  • League: Grandmaster

VOD

Have the link to the VOD?

Description

Time

  • Played on: Aug. 4, 2016, 2:03 a.m.
  • Length: 10:28
Show
View Real Time Build Order
Export as new Build Order

IIIIIIIIIIII Protoss - Winner!

Build Orders: 1 Gate Expand, Phoenix Opening 

Get SALT Encoding   

  12  0:01  Probe (Chrono Boost)  
  13  0:12  Probe (Chrono Boost)  
  14  0:18  Pylon  
  14  0:23  Probe (Chrono Boost)  
  15  0:36  Probe (Chrono Boost)  
  15  0:37  Gateway  
  16  0:43  Assimilator  
  16  0:47  Probe (Chrono Boost)  
  17  0:57  Probe (Chrono Boost)  
  18  1:08  Probe (Chrono Boost)  
  19  1:21  Nexus  
  19  1:23  Probe (Chrono Boost)  
  20  1:33  Cybernetics Core  
  20  1:36  Probe (Chrono Boost)  
  21  1:41  Assimilator  
  21  1:47  Probe (Chrono Boost)  
  21  1:51  Pylon  
  22  1:58  Probe (Chrono Boost)  
  23  2:07  Adept  
  23  2:11  Warp Gate, Probe (Chrono Boost)  
  27  2:23  Probe (Chrono Boost)  
  27  2:30  Stargate  
  27  2:31  Pylon  
  27  2:34  Probe (Chrono Boost)  
  27  2:35  Probe (Chrono Boost)  
  29  2:41  Stalker  
  31  2:45  Probe (Chrono Boost)  
  31  2:49  Probe (Chrono Boost)  
  33  2:56  Probe (Chrono Boost)  
  34  2:59  Probe (Chrono Boost)  
  35  3:06  Probe (Chrono Boost)  
  35  3:10  Gateway, Probe (Chrono Boost)  
  35  3:12  Gateway  
  37  3:14  Phoenix  
  39  3:23  Probe x2 (Chrono Boost)  
  41  3:33  Probe (Chrono Boost)  
  43  3:35  Probe (Chrono Boost)  
  43  3:39  Phoenix  
  43  3:41  Pylon  
  43  3:44  Mothership Core (Chrono Boost)  
  43  3:47  Probe (Chrono Boost)  
  48  3:56  Assimilator  
  48  3:57  Pylon  
  48  3:59  Probe (Chrono Boost)  
  48  4:01  Phoenix  
  48  4:02  Probe (Chrono Boost)  
  53  4:11  Probe (Chrono Boost)  
  53  4:13  Probe (Chrono Boost)  
  54  4:20  Nexus  
  54  4:22  Pylon  
  56  4:24  Probe (Chrono Boost)  
  56  4:25  Probe (Chrono Boost)  
  56  4:28  Assimilator  
  56  4:30  Phoenix  
  58  4:39  Robotics Facility  
  58  4:40  Probe (Chrono Boost)  
  58  4:41  Probe (Chrono Boost)  
  60  4:52  Phoenix  
  60  4:54  Probe (Chrono Boost)  
  60  4:55  Probe (Chrono Boost)  
  60  4:58  Robotics Facility  
  65  5:07  Forge, Twilight Council  
  65  5:08  Probe x2 (Chrono Boost)  
  66  5:18  Probe (Chrono Boost)  
  66  5:20  Probe (Chrono Boost)  
  68  5:24  Immortal  
  68  5:30  Probe (Chrono Boost)  
  68  5:32  Probe (Chrono Boost)  
  68  5:34  Probe (Chrono Boost)  
  68  5:35  Pylon  
  75  5:40  Protoss Ground Weapons Level 1  
  75  5:42  Probe (Chrono Boost)  
  77  5:44  Probe (Chrono Boost)  
  77  5:45  Probe (Chrono Boost)  
  77  5:46  Observer  
  77  5:49  Blink  
  79  5:54  Probe (Chrono Boost)  
  79  5:55  Probe (Chrono Boost)  
  79  5:56  Probe (Chrono Boost)  
  82  5:58  Immortal  
  86  6:05  Immortal  
  86  6:06  Probe (Chrono Boost)  
  86  6:08  Probe (Chrono Boost)  
  92  6:15  Probe (Chrono Boost)  
  94  6:18  Assimilator, Probe (Chrono Boost)  
  94  6:21  Pylon x2  
  94  6:22  Assimilator, Probe (Chrono Boost)  
  94  6:25  Pylon  
  95  6:27  Probe (Chrono Boost)  
  96  6:33  Immortal  
  100  6:43  Pylon  
  100  6:45  Pylon  
  100  6:48  Pylon  
  100  6:49  Immortal  
  106  6:54  Stalker x3  
  106  6:58  Gateway  
  106  7:01  Gateway  
  112  7:03  Gateway  
  112  7:06  Pylon  
  110  7:12  Pylon x2  
  110  7:13  Warp Prism  
  108  7:15  Pylon  
  108  7:18  Pylon  
  108  7:20  Sentry x3  
  114  7:23  Immortal  
  118  7:33  Pylon  
  118  7:43  Gateway, Photon Cannon  
  118  7:44  Photon Cannon  
  118  7:45  Gateway  
  118  7:46  Sentry x3  
  118  7:50  Gateway  
  124  7:52  Gateway  
  124  7:53  Gateway  
  124  7:57  Stalker x2  
  128  8:03  Pylon  
  125  8:21  Photon Cannon  
  125  8:22  Photon Cannon  
  125  8:24  Stalker x5  
  135  8:41  Stalker  
  137  8:51  Stalker x7  
  137  8:52  Stalker  
  153  8:55  Observer  
  153  8:56  Observer  
  155  9:20  Stalker x7  
  155  9:21  Stalker  
  169  9:28  Warp Prism  
  171  9:41  Pylon  
  171  9:43  Probe (Chrono Boost)  
  172  9:49  Sentry x5  
  172  9:50  Stalker x5  
  192  9:58  Stalker  
  147  10:12  Stalker x6  
Show
View Real Time Build Order
Export as new Build Order

星际卡卡西 Zerg 

Build Orders: Hatch First 

Get SALT Encoding   

  12  0:01  Drone  
  13  0:08  Drone  
  14  0:17  Overlord  
  14  0:23  Extractor  
  14  0:24  Drone  
  15  0:36  Drone x2  
  17  0:53  Hatchery  
  17  0:56  Drone  
  17  0:59  Drone  
  18  1:06  Extractor  
  17  1:16  Spawning Pool  
  17  1:18  Drone  
  17  1:24  Drone  
  18  1:29  Drone  
  19  1:38  Overlord  
  19  1:53  Drone  
  20  2:03  Zergling x2  
  20  2:04  Queen  
  20  2:05  Zergling x2, Queen  
  26  2:08  Metabolic Boost  
  26  2:12  Drone  
  27  2:19  Drone  
  29  2:22  Drone  
  29  2:28  Drone  
  30  2:33  Drone  
  31  2:39  Drone  
  32  2:44  Hatchery  
  32  2:48  Zergling x2  
  32  2:50  Overlord  
  32  2:55  Drone  
  33  3:00  Drone  
  33  3:04  Drone  
  36  3:12  Drone  
  36  3:13  Drone x2, Queen  
  36  3:16  Drone x2  
  36  3:17  Drone x2  
  44  3:20  Overlord  
  44  3:26  Overlord  
  44  3:40  Drone  
  44  3:41  Drone x2  
  47  3:51  Queen  
  47  3:52  Drone x4  
  53  3:56  Queen  
  53  3:58  Drone  
  53  4:02  Drone  
  57  4:04  Lair  
  57  4:05  Overlord  
  57  4:08  Drone  
  58  4:11  Extractor  
  58  4:13  Drone  
  58  4:15  Overlord  
  58  4:17  Roach Warren, Overlord  
  58  4:20  Drone  
  58  4:21  Extractor  
  57  4:24  Extractor  
  57  4:25  Drone x3  
  57  4:27  Drone x2  
  57  4:29  Evolution Chamber  
  57  4:30  Drone x2  
  62  4:33  Drone x3  
  62  4:37  Drone  
  62  4:38  Drone  
  67  4:39  Drone  
  68  4:50  Drone  
  68  4:52  Drone  
  70  4:55  Evolution Chamber  
  70  4:56  Drone x2  
  70  4:57  Drone x2  
  72  5:01  Drone, Spore Crawler  
  72  5:04  Spore Crawler  
  72  5:05  Drone x2  
  73  5:10  Overlord  
  73  5:11  Overlord  
  73  5:12  Glial Reconstitution  
  73  5:19  Spire  
  73  5:21  Drone  
  73  5:22  Overlord x3  
  73  5:31  Spore Crawler  
  73  5:33  Drone  
  73  5:34  Drone  
  74  5:38  Extractor, Drone x4  
  74  5:39  Extractor, Drone x3  
  74  5:42  Drone x2  
  80  5:47  Overlord  
  78  5:50  Drone x3  
  78  5:53  Drone x2  
  78  5:54  Drone  
  84  6:03  Roach x4  
  86  6:11  Drone x2  
  87  6:33  Corruptor x8  
  87  6:35  Corruptor  
  87  6:37  Zergling x2  
  87  6:38  Zergling x6  
  107  6:40  Zerg Melee Weapons Level 1, Overlord  
  107  6:41  Drone x3  
  107  6:45  Drone  
  109  6:49  Drone x2  
  109  6:50  Drone x2  
  109  6:53  Drone  
  113  6:58  Zerg Ground Armor Level 1  
  113  7:00  Zerg Flyer Weapons Level 1  
  113  7:01  Zergling x4  
  115  7:11  Zergling x10  
  115  7:14  Zergling x2  
  121  7:23  Hatchery  
  121  7:25  Zergling x2  
  121  7:27  Overlord x5  
  121  7:30  Infestation Pit  
  121  7:34  Hydralisk Den  
  119  7:41  Overlord x3  
  119  7:42  Overlord  
  120  7:45  Infestation Pit  
  120  7:46  Hatchery  
  119  8:01  Zergling x12  
  119  8:02  Zergling x16  
  126  8:15  Hatchery  
  117  8:22  Zergling x2, Pathogen Glands  
  117  8:23  Zergling x16  
  117  8:24  Zergling x2  
  127  8:38  Overseer  
  127  8:48  Mutalisk x5  
  127  8:49  Mutalisk x8  
  127  8:53  Mutalisk x3  
  159  8:56  Zergling x2  
  159  9:02  Mutalisk  
  160  9:04  Zergling x10  
  160  9:05  Zergling x2  
  166  9:11  Mutalisk x2  
  166  9:14  Zergling x10  
  173  9:18  Zergling x6  
  174  9:24  Mutalisk x2  
  174  9:26  Zergling x8  
  174  9:31  Mutalisk  
  182  9:33  Zergling x2  
  182  9:34  Zergling x8  
  182  9:37  Mutalisk  
  191  9:41  Zergling x2  
  191  9:42  Zergling x4  
  194  9:47  Mutalisk  
  188  9:54  Mutalisk  
  188  9:57  Zergling x10  
  188  9:58  Zergling x8  
  163  10:02  Zergling x8  
  144  10:07  Zergling x6  
  144  10:08  Zergling x4  
  144  10:09  Zergling x2  
Tags
 
Add a new tag
Caveats
  • Supply blocks, unpowered buildings, or Contaminate may cause inaccurate times.
  • Supply counts are checked every 10 seconds.